 Dungeon Crawl Stone Soup version 0.20-a0-38-g7d30548 (webtiles) character file.

287 tacz the Chopper (level 6, -2/48 HPs)
             Began as a Demonspawn Fighter on Nov 10, 2016.
             Was an Initiate of Makhleb.
             Slain by an ogre
             ... wielding a +0 giant club
              (4 damage)
             ... on level 4 of the Dungeon.
             The game lasted 00:16:09 (2534 turns).

tacz the Chopper (Demonspawn Fighter)               Turns: 2534, Time: 00:16:09

Health: -2/48      AC:  5    Str: 18    XL:     6   Next: 8%
Magic:  6/6        EV:  9    Int: 10    God:    Makhleb [......]
Gold:   217        SH:  9    Dex: 12    Spells: 0 memorised, 5 levels left

rFire  . . .     SeeInvis .     a - +0 war axe
rCold  . . .     Gourm    .     f - -1 ring mail (curse)
rNeg   . . .     Faith    .     c - +0 shield
rPois  .         Spirit   .     (helmet restricted)
rElec  .         Reflect  .     e - +0 cloak (curse)
rCorr  .         Harm     .     (no gloves)
MR     .....                    (no boots)
Stlth  +.........               (no amulet)
                                (no ring)
                                (no ring)

@: no status effects
A: antennae 1, powered by pain 1, rot immunity, sturdy frame 2
a: Renounce Religion


You were on level 4 of the Dungeon.
You worshipped Makhleb.
Makhleb was noncommittal.
You were hungry.

You visited 1 branch of the dungeon, and saw 4 of its levels.

You collected 217 gold pieces.

Inventory:

Hand Weapons
 a - a +0 war axe (weapon)
 d - a +1 dagger of chaos
Armour
 b - a +0 scale mail
 c - a +0 shield (worn)
 e - a cursed +0 cloak (worn)
 f - a cursed -1 ring mail (worn)
Scrolls
 k - a scroll of fear
Potions
 g - 4 potions of flight
 i - a potion of brilliance
Comestibles
 h - 6 fruits
 j - a bread ration


   Skills:
 + Level 3.7 Fighting
 + Level 4.0 Axes
 + Level 3.6 Armour
 + Level 0.6 Dodging
 + Level 0.4 Stealth
 + Level 3.5 Shields


You had 5 spell levels left.
You didn't know any spells.

Dungeon Overview and Level Annotations

Branches:
Dungeon (4/15)
 Temple: D:4-7

Altars:
Ashenzari
Cheibriados
Dithmenos
Elyvilon
Gozag
Makhleb
Uskayaw
Xom
Yredelemnul


Innate Abilities, Weirdness & Mutations

You have a pair of small antennae on your head.
You sometimes gain a little power by taking damage.
You are immune to rotting.
Your movements are less encumbered by armour. (ER -4)


Message History

You barely miss the jackal. The jackal closely misses you.
You block the ogre's attack.
The jackal bites you but does no damage.
You hit the ogre.
The ogre is moderately wounded.
You slash the jackal!
You kill the jackal!
Makhleb accepts your kill. The ogre barely misses you.
A jackal comes into view.
The jackal barks!
You hit the ogre but do no damage.
The ogre is moderately wounded.
The ogre hits you with a giant club!!
* * * LOW HITPOINT WARNING * * *
You hit the ogre.
The ogre is heavily wounded.
The jackal bites you but does no damage.
The ogre hits you with a giant club.
You die...

#......... ###
#.<...#
#.#####.#.###
##......#..#
#∩_....###.##
##....##
##.#####
#.#...###......#
######.#.#####.#
##..# #@#
##.##..hO#
#.##.....
#.##..#.##
#.......#
#........ #.##.
#.# #.##$ #.#
#.#


You could see an ogre and a jackal.

Vanquished Creatures
  A big kobold (D:3)
  A howler monkey (D:4)
  A crimson imp (D:3)
  A hound (D:4)
  2 adders (D:2)
  2 oozes (D:3)
  4 dart slugs
  4 leopard geckos
  3 orcs (D:3)
  10 bats
  4 giant cockroaches
  6 goblins
  14 hobgoblins
  7 jackals
  3 frilled lizards
  5 kobolds
  4 rats
72 creatures vanquished.

Notes
Turn   | Place    | Note
-------+----------+-------------------------------------------
     0 | D:1      | tacz the Demonspawn Fighter began the quest for the Orb.
     0 | D:1      | Reached XP level 1. HP: 18/18 MP: 1/1
   196 | D:1      | Gained mutation: You are immune to rotting. [demonic ancestry]
   196 | D:1      | Reached XP level 2. HP: 24/24 MP: 2/2
   278 | D:1      | Reached skill level 2 in Axes
   427 | D:1      | Gained mutation: You have a pair of small antennae on your head. [demonic ancestry]
   427 | D:1      | Reached XP level 3. HP: 23/29 MP: 3/3
   843 | D:2      | You fall through a shaft!
  1026 | D:2      | Found a shattered altar of Ashenzari.
  1026 | D:2      | Found a snail-covered altar of Cheibriados.
  1193 | D:2      | Gained mutation: Your movements are slightly less encumbered by armour. (ER -2) [demonic ancestry]
  1193 | D:2      | Reached XP level 4. HP: 33/35 MP: 4/4
  1503 | D:3      | Found a shadowy altar of Dithmenos.
  1611 | D:3      | Found an opulent altar of Gozag.
  1643 | D:3      | Found a white marble altar of Elyvilon.
  1734 | D:3      | Found a hide-covered altar of Uskayaw.
  1829 | D:3      | Noticed a big kobold
  1842 | D:3      | Killed a big kobold
  1842 | D:3      | Reached skill level 3 in Axes
  1842 | D:3      | Gained mutation: You sometimes gain a little power by taking damage. [demonic ancestry]
  1842 | D:3      | Reached XP level 5. HP: 23/41 MP: 5/5
  1910 | D:3      | Found a basalt altar of Yredelemnul.
  2024 | D:3      | Found a shimmering altar of Xom.
  2025 | D:3      | Found a burning altar of Makhleb.
  2478 | D:4      | Found a burning altar of Makhleb.
  2495 | D:4      | Became a worshipper of Makhleb the Destroyer
  2523 | D:4      | Noticed an ogre
  2529 | D:4      | Reached skill level 4 in Axes
  2529 | D:4      | Gained mutation: Your movements are less encumbered by armour. (ER -4) [demonic ancestry]
  2529 | D:4      | Reached XP level 6. HP: 21/48 MP: 6/6
  2533 | D:4      | HP: 1/48 [ogre/giant club (19)]
  2534 | D:4      | Slain by an ogre

Vault maps used:
D:1:      lemuel_arrival_river_bridge, st_stairs_1, minmay_misc_feat_rows,
          moated_statue
D:2:      gammafunk_temple_overflow_wave, dk_noncrumbling_4
D:3:      kennysheep_ying_yang, grunt_temple_overflow_champion_of_chaos,
          grunt_gozag_statues, overflow_temple_1_default,
          eat_drink_and_be_merry_uskayaw, first_bread, nicolae_underground_beach
D:4:      grunt_temple_overflow_bloody_war, old_standard_altar,
          makhleb_heckhound_becter

Skill      XL: |  1  2  3  4  5 |
---------------+----------------+-----
Axes           | 2 3 4 |  4.0
Armour         | 3 |  3.6
Shields        | 3 |  3.5
Fighting       | |  3.7
Dodging        | |  0.6
Stealth        | |  0.4

Action                   |  1- 3 |  4- 6 || total
-------------------------+-------+-------++-------
Melee: War axe           |   119 |   135 ||   254
  Use: Potion            |     5 |     4 ||     9
       Scroll            |     2 |     3 ||     5
  Eat: Bread ration      |     1 |       ||     1
       Fruit             |       |     1 ||     1
Armor: Scale mail        |    60 |    15 ||    75
       Ring mail         |       |    63 ||    63
Dodge: Dodged            |    28 |    54 ||    82
Block: Shield            |    69 |    73 ||   142
